 Dungeon Crawl Stone Soup version 0.24.0-28-g17ded55e90 (webtiles) character file.

Game seed: 358429151702712471, levelgen mode: deterministic

83 roguesci the Covered (level 4, -5/29 HPs)
             Began as a Gargoyle Fighter on Nov 11, 2019.
             Slain by an orc warrior
             ... wielding a +0 trident
              (10 damage)
             ... on level 3 of the Dungeon.
             The game lasted 00:03:10 (1358 turns).

roguesci the Covered (Gargoyle Fighter)             Turns: 1358, Time: 00:03:10

Health: -5/29      AC: 10    Str: 26    XL:     4   Next: 44%
Magic:  4/4        EV:  8    Int:  8    God:
Gold:   87         SH: 10    Dex:  9    Spells: 3/3 levels left

rFire    . . .     SeeInvis .   a - +0 flail
rCold    . . .     Gourm    .   c - +0 shield
rNeg     + . .     Faith    .   b - +0 scale mail
rPois    ∞         Spirit   .   (no helmet)
rElec    +         Reflect  .   (no cloak)
rCorr    .         Harm     .   (no gloves)
MR       .....                  (no boots)
Stlth    ..........             (no amulet)
HPRegen  0.09/turn              (no ring)
MPRegen  0.09/turn              (no ring)

@: mighty, hasted, very quick
A: negative energy resistance 1, electricity resistance, unbreathing,
petrification resistance, rot immunity, AC +3
a: no special abilities


You were on level 3 of the Dungeon.
You were not hungry.

You visited 1 branch of the dungeon, and saw 3 of its levels.

You collected 87 gold pieces.

Inventory:

Hand Weapons
 a - a +0 flail (weapon)
Missiles
 h - 48 stones (quivered)
Armour
 b - a +0 scale mail (worn)
 c - a +0 shield (worn)
Scrolls
 e - a scroll of identify {unknown}
 j - a scroll of amnesia {unknown}
 k - a scroll of immolation {unknown}
 l - a scroll of remove curse {unknown}
Comestibles
 f - 3 rations
 g - 3 chunks of flesh


   Skills:
 + Level 3.6 Fighting
 * Level 2.8 Maces & Flails
 * Level 4.0 Armour
 + Level 0.8 Dodging
 * Level 3.9 Shields


You had 3 spell levels left.
You didn't know any spells.
Your spell library was empty.

Dungeon Overview and Level Annotations

Branches:
Dungeon (3/15)

Altars:


Innate Abilities, Weirdness & Mutations

You are resistant to torment.
Your stone body is resilient. (AC +3)
You are immune to poison.
You resist negative energy. (rN+)
You are resistant to electric shocks. (rElec)
You can survive without breathing.
You are immune to petrification.
You are immune to rotting.


Message History

You block the orc's attack.
The orc warrior hits you but does no damage.
The jackal bites you but does no damage.
The orc wizard hits you but does no damage.
It was a potion of haste.
You feel yourself speed up.
The jackal barks!
The jackal bites you but does no damage.
You block the orc's attack.
The orc warrior hits you with a +0 trident!
* * * LOW HITPOINT WARNING * * *
The orc wizard hits you but does no damage.
You hit the orc warrior but do no damage.
The jackal barely misses you. x2; You block the orc's attack.
The jackal bites you but does no damage.
You thump the orc warrior!
The orc warrior is moderately wounded.
You block the jackal's attack.
The orc wizard hits you but does no damage.
The orc warrior hits you with a +0 trident!
You die...

..## ##...##
##.....##
##.......##
.####.........#
..............+
......hoo.....#
#h@.....#
##o....##
##...## #+##


You could see an orc warrior, an orc wizard, an orc and 2 jackals.

Vanquished Creatures
  5 adders (D:2)
  A leopard gecko (D:1)
  3 orcs
  4 bats (D:1)
  2 giant cockroaches
  9 goblins
  2 hobgoblins (D:1)
  A quokka (D:2)
  3 frilled lizards
  3 kobolds
  2 rats (D:1)
  2 plants (D:1)
37 creatures vanquished.

Vanquished Creatures (others)
  A plant (D:1)
1 creature vanquished.

Grand Total: 38 creatures vanquished

Notes
Turn   | Place    | Note
-------+----------+-------------------------------------------
     0 | D:1      | roguesci the Gargoyle Fighter began the quest for the Orb.
     0 | D:1      | Reached XP level 1. HP: 14/14 MP: 1/1
   157 | D:1      | Reached XP level 2. HP: 19/19 MP: 2/2
   446 | D:1      | Reached XP level 3. HP: 21/23 MP: 3/3
   973 | D:2      | Reached XP level 4. HP: 28/28 MP: 4/4
  1218 | D:3      | Noticed an orc warrior
  1241 | D:2      | Reached skill level 4 in Armour
  1358 | D:3      | Slain by an orc warrior

Levels and vault maps discovered:
D:1:      roderic_crop_circles_arrival_small, layout_basic, minmay_crystal_room
D:2:      layout_loops_cross, feat_on_display
D:3:      layout_loops_corners, lemuel_round_altar

Skill      XL: |  1  2  3  4 |
---------------+-------------+-----
Armour         | 4 |  4.0
Fighting       | |  3.6
Maces & Flails | |  2.8
Dodging        | |  0.8
Shields        | |  3.9

Action                   |  1- 3 |  4- 6 || total
-------------------------+-------+-------++-------
Melee: Flail             |   154 |    36 ||   190
  Use: Potion            |       |     2 ||     2
  Eat: Chunk             |     1 |     1 ||     2
Armor: Scale mail        |    60 |    40 ||   100
Dodge: Dodged            |    32 |    27 ||    59
Block: Shield            |    58 |    31 ||    89
